 Dungeon Crawl Stone Soup version 0.21.1-1-g345015f (webtiles) character file.

435 prawnwizard the Digger (level 7, -7/36 HPs)
             Began as a Gargoyle Earth Elementalist on July 4, 2018.
             Killed from afar by an orc wizard (9 damage)
             ... with a puff of flame
             ... on level 4 of the Dungeon.
             The game lasted 00:08:20 (3719 turns).

prawnwizard the Digger (GrEE)                       Turns: 3719, Time: 00:08:20

Health: -7/36      AC:  6    Str: 11    XL:     7   Next: 0%
Magic:  1/14       EV: 12    Int: 18    God:
Gold:   134        SH:  0    Dex: 10    Spells: 14/15 levels left

rFire    . . .     SeeInvis .   x - +2 short sword (venom)
rCold    . . .     Gourm    .   (no shield)
rNeg     + . .     Faith    .   c - +0 robe
rPois    ∞         Spirit   .   (no helmet)
rElec    +         Reflect  .   (no cloak)
rCorr    .         Harm     .   (no gloves)
MR       .....                  (no boots)
Stlth    +.........             (no amulet)
HPRegen  0.12/turn              (no ring)
MPRegen  0.14/turn              (no ring)

@: confused
A: negative energy resistance 1, electricity resistance, unbreathing,
petrification resistance, rot immunity, AC +4
a: no special abilities


You were on level 4 of the Dungeon.
You were not hungry.

You visited 1 branch of the dungeon, and saw 4 of its levels.

You collected 134 gold pieces.

Inventory:

Hand Weapons
 x - a +2 short sword of venom (weapon)
Missiles
 b - 41 stones (quivered)
 s - 6 large rocks
Armour
 c - a +0 robe (worn)
 u - a +0 ring mail
Wands
 a - a wand of iceblast (6)
 t - a wand of flame (37)
Scrolls
 g - 5 scrolls of identify {unknown}
 j - 3 scrolls of teleportation {unknown}
 k - a scroll of magic mapping {unknown}
 l - 2 scrolls of enchant armour {unknown}
 m - 2 scrolls of remove curse {unknown}
 o - 3 scrolls of fog {unknown}
 p - a scroll of blinking {unknown}
 r - 2 scrolls of amnesia {unknown}
 v - a scroll of enchant weapon {unknown}
 w - a scroll of immolation {unknown}
Potions
 f - 2 potions of resistance {unknown}
 h - 2 potions of berserk rage {unknown}
 i - 2 potions of heal wounds {unknown}
 n - a potion of might {unknown}
 q - a potion of magic {unknown}
Books
 e - a book of Geomancy

   Spells                             Type                      Level
   a - Sandblast                      Earth                        1
   b - Passwall                       Transmutation/Earth          2
   c - Stone Arrow                    Conjuration/Earth            3
   d - Petrify                        Transmutation/Earth          4
   e - Lee's Rapid Deconstruction     Earth                        5
Comestibles
 d - 8 rations


   Skills:
 - Level 1.6 Dodging
 - Level 2.2 Stealth
 * Level 4.8 Spellcasting
   Level 0.7 Transmutations
 * Level 7.0 Earth Magic


You had 14 spell levels left.
You knew the following spells:

 Your Spells              Type           Power        Failure   Level  Hunger
a - Sandblast             Erth           ####..       1%          1    None


Dungeon Overview and Level Annotations

Branches:
Dungeon (4/15)
 Temple: D:4-7

Altars:
Qazlal
Yredelemnul


Innate Abilities, Weirdness & Mutations

You are resistant to torment.
Your stone body is resilient. (AC +4)
You are immune to poison.
You resist negative energy. (rN+)
You are resistant to electric shocks. (rElec)
You can survive without breathing.
You are immune to petrification.
You are immune to rotting.


Message History

Casting: Sandblast
Confirm with . or Enter, or press ? or * to list all spells.
You don't have enough magic to cast that spell.
Unknown command.
You closely miss the orc wizard.
The orc wizard is moderately wounded.
The orc wizard barely misses you.
You closely miss the orc wizard.
The orc wizard is moderately wounded.
The orc wizard gestures at you while chanting.
You are confused.
The orc wizard gestures wildly while chanting.
The orc wizard flickers and vanishes!
Deactivating autopickup; reactivate with Ctrl-A.
You're too confused to cast spells.
Something hits you but does no damage.
You hear some strange, mumbled words.
A puff of flame appears from out of thin air!
The puff of flame hits you!
You die...

.....#...#......#
.....#...#...>..#
.....#...#......#
#'####...#......#
+...##...#......#########
#........#...............
#........#.............#
#........#.............#
#...^....#......@......+
#........#.....))......#
+.....<..#....).#'#######
#...##...#......#.[......
#...##...#......'........
#........+......#......>.
#........#......#.......#
#....)...#......#########
#........#.......#


There were no monsters in sight!

Vanquished Creatures
  2 hounds
  A centaur skeleton (D:4)
  Jessica (D:3)
  Ijyb (D:3)
  Terence (D:3)
  5 orc wizards
  A hound skeleton (D:2)
  3 adders
  2 oozes (D:1)
  A worm (D:2)
  A dart slug (D:2)
  A leopard gecko (D:1)
  4 orcs
  4 giant cockroaches
  16 goblins
  5 hobgoblins
  5 jackals (D:2)
  3 quokkas
  14 bats
  3 frilled lizards
  6 kobolds
  4 rats
84 creatures vanquished.

Notes
Turn   | Place    | Note
-------+----------+-------------------------------------------
     0 | D:1      | prawnwizard the Gargoyle Earth Elementalist began the quest for the Orb.
     0 | D:1      | Reached XP level 1. HP: 10/10 MP: 3/3
    54 | D:1      | Reached skill level 4 in Earth Magic
    54 | D:1      | Reached XP level 2. HP: 13/15 MP: 5/5
   522 | D:1      | Reached XP level 3. HP: 14/19 MP: 6/6
   798 | D:2      | Found a stormy altar of Qazlal.
   915 | D:2      | Found a faded altar of an unknown god.
  1341 | D:2      | Reached XP level 4. HP: 7/24 MP: 5/8
  1343 | D:2      | Reached skill level 5 in Earth Magic
  1704 | D:2      | Reached XP level 5. HP: 22/28 MP: 8/10
  2323 | D:3      | Noticed Ijyb
  2324 | D:3      | Noticed Terence
  2342 | D:3      | Killed Ijyb
  2538 | D:3      | Killed Terence
  2675 | D:3      | Noticed Jessica
  2687 | D:3      | Killed Jessica
  2687 | D:3      | Reached skill level 6 in Earth Magic
  2759 | D:3      | Found a basalt altar of Yredelemnul.
  3113 | D:3      | Reached XP level 6. HP: 30/32 MP: 12/12
  3709 | D:4      | HP: 1/32 [orc/halberd of chopping (1)]
  3711 | D:4      | Reached skill level 7 in Earth Magic
  3711 | D:4      | Reached XP level 7. HP: 1/36 MP: 2/14
  3719 | D:4      | Killed from afar by an orc wizard

Skill      XL: |  1  2  3  4  5  6 |
---------------+-------------------+-----
Earth Magic    | 4 5 6 7 |  7.0
Spellcasting   | 3 4 |  4.8
Dodging        | |  1.6
Stealth        | |  2.2
Transmutations | |  0.7

Action                   |  1- 3 |  4- 6 |  7- 9 || total
-------------------------+-------+-------+-------++-------
Melee: Short sword       |   175 |   124 |     2 ||   301
 Cast: Sandblast         |     3 |    54 |     3 ||    60
 Stab: Sleeping          |     3 |     1 |       ||     4
  Eat: Chunk             |     2 |     7 |       ||     9
Armor: Robe              |   129 |    57 |     1 ||   187
Dodge: Dodged            |   176 |    95 |     4 ||   275
